 Seeded DCSS version 0.29.1-2-gbd0b4ee654 (webtiles) character file.

Game seed: 1248076946616818090 (custom seed)

2996 kingsuperguy the Basher (level 9, -4/117 HPs)
             Began as a Minotaur Berserker on Nov 28, 2022.
             Was an Elder of Trog.
             Succumbed to an orc wizard's poison
             ... on level 9 of the Dungeon.
             The game lasted 00:10:48 (8598 turns).

kingsuperguy the Basher (Minotaur Berserker)        Turns: 8598, Time: 00:10:49

Health: -4/117     AC: 14    Str: 26    XL:     9   Next: 54%
Magic:  8/8        EV: 11    Int:  4    God:    Trog [****..]
Gold:   372        SH:  0    Dex: 10    Spells: 8/8 levels left

rFire   . . .      SeeInvis .   I - +1 whip (freeze)
rCold   . . .      Faith    .   (no shield)
rNeg    . . .      Spirit   .   k - +0 scale mail
rPois   .          Reflect  .   (helmet restricted)
rElec   .          Harm     .   A - +1 cloak
rCorr   .          Rampage  .   m - +1 pair of gloves
Will    .....                   t - +0 pair of boots
Stlth   ..........              (no amulet)
HPRegen 0.29/turn               (no ring)
MPRegen 0.11/turn               (no ring)

@: berserking, lethally poisoned (-4 -> -41), very quick
A: horns 2, retaliatory headbutt
a: Renounce Religion, Berserk, Trog's Hand, Brothers in Arms


You were on level 9 of the Dungeon.
You worshipped Trog.
Trog was greatly pleased with you.
You visited 1 branch of the dungeon, and saw 9 of its levels.

You collected 372 gold pieces.

Inventory:

Hand Weapons
 a - a +0 mace
 i - a +1 hand axe of freezing
 z - a +2 quarterstaff of chaos
 B - a +0 hammer
 H - a +0 trident of venom
 I - a +1 whip of freezing (weapon)
 N - a +0 battleaxe
Missiles
 g - 3 javelins (quivered)
 J - a throwing net
Armour
 b - a +0 animal skin
 k - a +0 scale mail (worn)
 m - a +1 pair of gloves (worn)
 t - a +0 pair of boots (worn)
 A - a +1 cloak (worn)
 M - a +0 pair of boots
 O - a +0 chain mail
Jewellery
 r - a ring of ice
 y - a ring of flight
 F - an amulet of regeneration
 L - a ring of protection from cold
Scrolls
 c - 4 scrolls of brand weapon
 d - 3 scrolls of teleportation
 e - 3 scrolls of enchant weapon
 h - 2 scrolls of amnesia
 l - a scroll of silence
 o - 4 scrolls of acquirement
 p - 2 scrolls of torment
 s - 2 scrolls of identify
 x - a scroll of fear {unknown}
 C - a scroll of vulnerability {unknown}
 D - 3 scrolls of poison {unknown}
 E - a scroll of immolation {unknown}
 G - 2 scrolls of butterflies {unknown}
 K - a scroll of summoning {unknown}
Potions
 f - 3 potions of lignification {unknown}
 j - 4 potions of curing
 n - 2 potions of heal wounds {unknown}
 q - a potion of degeneration {unknown}
 u - 3 potions of attraction {unknown}
 v - a potion of ambrosia {unknown}
 w - a potion of flight {unknown}


   Skills:
 + Level 6.8 Fighting
 * Level 11.0 Maces & Flails
 + Level 0.7 Throwing
 * Level 9.6 Armour
 + Level 4.7 Dodging
 + Level 1.1 Stealth


You had 8 spell levels left.
You didn't know any spells.
Your spell library was empty.

Dungeon Overview and Level Annotations

Branches:
Dungeon (9/15)             Temple (0/1) D:4
   Lair: D:8-11         Orc: D:9-12

Altars:
Trog
Xom


Innate Abilities, Weirdness & Mutations

You have a pair of horns on your head.
You reflexively headbutt those who attack you in melee.


Message History

* * * LOW HITPOINT WARNING * * *
The orc hits you but does no damage. Something hits you but does no damage.
You are more poisoned.
You whack the orc priest! You freeze the orc priest.
You kill the orc priest!
Trog accepts your kill.
You feel sick.
Your Maces & Flails skill increases to level 11!
You whack something! You freeze something.
You feel sick.
You closely miss something.
You feel sick. Something hits you but does no damage.
You are lethally poisoned!
The orc closely misses you.
You barely miss something.
* * * LOW HITPOINT WARNING * * *
You feel very sick.
You miss something. Your headbutt misses something.
* * * LOW HITPOINT WARNING * * *
You feel very sick. The orc closely misses you. Something hits you.
* * * LOW HITPOINT WARNING * * *
You are more poisoned.
* * * LOW HITPOINT WARNING * * *
You feel very sick.
You see here a +0 hand axe.
You barely miss the orc.
* * * LOW HITPOINT WARNING * * *
You feel very sick. Something hits you but does no damage.
You are more poisoned.
The orc closely misses you.
You are too berserk!
You whack the orc! You freeze the orc.
You kill the orc!
Trog accepts your kill.
* * * LOW HITPOINT WARNING * * *
You feel very sick.
You are too berserk!
You are too berserk!
You die...

#......# ##.#.#.# ##
#......# .## ####.#.#.# ..#
#........# .## #.##.#.#.# .#
######.#......# .#
#.......#.#.#.# .#####
#..@..........#
.....#########.))..###>#.#.#
...#.........o.{...##.|....#
...#..##...........###.#.#.#
...#..##...........###.....#
..o........................#
############################


You could see an orc priest.

Vanquished Creatures
  Pikel (D:5)
  A wyvern (D:7)
  3 water moccasins
  Duvessa (D:4)
  An ice beast (D:5)
  An orc warrior (D:9)
  A black bear (D:6)
  An ogre (D:4)
  A lemure (D:5)
  A phantom (D:5)
  2 kobold brigands
  Blork the orc (D:5)
  6 bullfrogs
  A scorpion (D:6)
  Dowan (D:4)
  3 orc priests
  Crazy Yiuf (D:3)
  2 gnoll boudas (D:6)
  3 hounds
  3 iguanas
  2 orc wizards (D:7)
  Robin (D:3)
  8 adders
  21 gnolls
  A shadow imp (D:5)
  2 ufetubi
  A dart slug (D:4)
  10 orcs
  9 bats
  8 endoplasms
  8 giant cockroaches
  15 goblins
  10 hobgoblins
  14 jackals
  19 kobolds
  4 quokkas
  5 ball pythons
  8 frilled lizards
  3 rats
184 creatures vanquished.

Vanquished Creatures (others)
  11 fungi (D:8)
  10 plants (D:8)
21 creatures vanquished.

Grand Total: 205 creatures vanquished

Notes
Turn   | Place    | Note
-------+----------+-------------------------------------------
     0 | D:1      | kingsuperguy the Minotaur Berserker began the quest for the
                  | Orb.
     0 | D:1      | Reached XP level 1. HP: 19/19 MP: 0/0
    69 | D:1      | Reached XP level 2. HP: 15/27 MP: 1/1
   137 | D:1      | Reached skill level 4 in Maces & Flails
   606 | D:1      | Reached ** piety under Trog
   607 | D:1      | Reached XP level 3. HP: 32/34 MP: 2/2
  1600 | D:2      | Reached XP level 4. HP: 41/41 MP: 3/3
  2286 | D:3      | Reached skill level 5 in Maces & Flails
  2647 | D:3      | Reached XP level 5. HP: 44/47 MP: 4/4
  2723 | D:3      | Found a runed translucent door.
  2724 | D:3      | Noticed Crazy Yiuf
  3030 | D:3      | Reached *** piety under Trog
  3030 | D:3      | Noticed Robin
  3035 | D:3      | Reached skill level 5 in Fighting
  3054 | D:3      | Killed Robin
  3549 | D:3      | Paralysed by Crazy Yiuf for 3 turns
  3553 | D:3      | Killed Crazy Yiuf
  3882 | D:4      | Found a staircase to the Ecumenical Temple.
  4047 | D:4      | Noticed Duvessa
  4049 | D:4      | Noticed Dowan
  4055 | D:4      | Killed Dowan
  4056 | D:4      | Reached skill level 6 in Maces & Flails
  4056 | D:4      | Reached XP level 6. HP: 56/56 MP: 5/5
  4059 | D:4      | Killed Duvessa
  4123 | D:4      | Reached skill level 5 in Armour
  4559 | D:4      | Identified 4 scrolls of acquirement
  4602 | D:5      | Entered Level 5 of the Dungeon
  4661 | D:5      | Reached XP level 7. HP: 51/61 MP: 6/6
  4854 | D:5      | Noticed Blork the orc
  4873 | D:5      | Killed Blork the orc
  4874 | D:5      | Reached skill level 7 in Maces & Flails
  4874 | D:5      | Reached skill level 1 in Stealth
  4882 | D:5      | Found a bloodstained altar of Trog.
  5354 | D:5      | Noticed Pikel
  5373 | D:5      | HP: 4/93 [Pikel/+1 whip of freezing (2)]
  5374 | D:5      | Killed Pikel
  5375 | D:5      | Reached skill level 8 in Maces & Flails
  5375 | D:5      | Reached XP level 8. HP: 5/70 MP: 7/7
  6030 | D:6      | Reached skill level 9 in Maces & Flails
  6257 | D:6      | Reached **** piety under Trog
  6946 | D:7      | Reached skill level 10 in Maces & Flails
  6946 | D:7      | Reached XP level 9. HP: 64/77 MP: 8/8
  7397 | D:7      | Found a shimmering altar of Xom.
  8591 | D:9      | Reached skill level 11 in Maces & Flails
  8596 | D:9      | HP: 4/117 [poisoned by an orc wizard]
  8597 | D:9      | HP: 1/117 [poisoned by an orc wizard]
  8598 | D:9      | Succumbed to an orc wizard's poison

Illustrated notes

Levels and vault maps discovered:
D:1:      dpeg_arrival_long_road, layout_basic
D:2:      layout_basic
D:3:      layout_basic, serial_aquarium, aquarium_bridge_square
          [aquarium_subvault_balcony, aquarium_subvault_bridge,
          aquarium_subvault_balcony, aquarium_subvault_window],
          aquarium_bridge_long_separate [aquarium_subvault_bridge,
          aquarium_subvault_balcony, aquarium_subvault_balcony,
          aquarium_subvault_wall, aquarium_subvault_bridge,
          aquarium_subvault_window], aquarium_window_2, aquarium_window_1,
          aquarium_window_1, aquarium_window_fake, aquarium_view_2c,
          aquarium_view_2c, aquarium_balcony_1b, uniq_robin,
          uniq_crazy_yiuf_cottage
D:4:      layout_cave_pools, minmay_temple_entry_mist, minmay_ruptured,
          uniq_duvessa
D:5:      layout_gridville, mainiacjoe_overflow_brackets, uniq_blork_the_orc,
          uniq_pikel
D:6:      layout_loops_cross
D:7:      layout_basic, mainiacjoe_overflow_small_starburst
D:8:      layout_rooms, due_lair_maze_entry_diamond, serial_shops, shop,
          nicolae_shop_bloodbath_and_beyond, shop, nicolae_take_the_stairs,
          hangedman_feature_mirror
D:9:      layout_stronghold, chequers_temple_overflow_minitemple,
          gammafunk_ghost_wrathful_warriors, minmay_misc_feat_four_crosses,
          st_stairs_13

Skill      XL: |  1  2  3  4  5  6  7  8  9 |
---------------+----------------------------+-----
Fighting       | 4 5 6 |  6.8
Maces & Flails | 4 5 6 8 10 11 | 11.0
Armour         | 3 4 5 6 8 9 |  9.6
Dodging        | 3 4 |  4.7
Stealth        | 1 |  1.1
Throwing       | |  0.7

Action                   |  1- 3 |  4- 6 |  7- 9 || total
-------------------------+-------+-------+-------++-------
Melee: Mace              |    86 |   145 |    59 ||   290
       Headbutt          |    11 |    15 |    54 ||    80
       Punch             |       |     1 |     2 ||     3
       Whip              |       |       |   260 ||   260
Throw: Javelin           |       |       |     3 ||     3
Invok: Berserk           |       |     4 |     3 ||     7
  Use: Scroll            |     4 |     3 |       ||     7
       Potion            |       |       |     4 ||     4
Armor: Animal skin       |    12 |       |       ||    12
       Scale mail        |    20 |   103 |   159 ||   282
Dodge: Dodged            |    54 |    95 |   172 ||   321
